 Dungeon Crawl Stone Soup version 0.30-a0-439-g9e77e4d916 (webtiles) character file.

Game seed: 11354023210791101006

29 porpoise the Shooter (level 3, 0/22 HPs)
             Began as a Tengu Hunter on Dec 11, 2022.
             Constricted to death by a ball python (1 damage)
             ... on level 2 of the Dungeon.
             The game lasted 00:02:01 (483 turns).

porpoise the Shooter (Tengu Hunter)                  Turns: 483, Time: 00:02:02

Health: 0/22       AC:  3    Str: 11    XL:     3   Next: 16%
Magic:  4/4        EV:  9    Int:  9    God:
Gold:   31         SH:  0    Dex: 19    Spells: 2/2 levels left

rFire   . . .      SeeInvis .    a - +0 shortbow
rCold   . . .      Faith    .    (shield currently unavailable)
rNeg    . . .      Spirit   .    c - +0 leather armour
rPois   .          Reflect  .    (helmet restricted)
rElec   .          Harm     .    (no cloak)
rCorr   .          Rampage  .    (no gloves)
Will    .....                    (boots unavailable)
Stlth   ++........               (no amulet)
HPRegen 0.23/turn                (no ring)
MPRegen 0.09/turn                (no ring)

@: flying, constricted
A: beak, talons 3
a: no special abilities


You were on level 2 of the Dungeon.
You visited 1 branch of the dungeon, and saw 2 of its levels.

You collected 31 gold pieces.

Inventory:

Hand Weapons
 a - a +0 shortbow (weapon)
Missiles
 e - 5 poisoned darts
Armour
 c - a +0 leather armour (worn)
Jewellery
 h - an amulet of magic regeneration
Scrolls
 b - a scroll of immolation
 d - 3 scrolls of identify {unknown}
 i - a scroll of enchant armour {unknown}
 j - a scroll of noise {unknown}


   Skills:
 + Level 2.5 Fighting
 * Level 5.1 Ranged Weapons
 - Level 2.1 Dodging
 - Level 1.0 Stealth


You had 2 spell levels left.
You didn't know any spells.
Your spell library was empty.

Dungeon Overview and Level Annotations

Branches:
Dungeon (2/15)

Altars:

Shops:
D:1 *


Innate Abilities, Weirdness & Mutations

You have a beak for a mouth.
You have claws for feet.


Message History

You feel sick. The ball python bites you.
* * * LOW HITPOINT WARNING * * *
The ball python barely misses you.
You have reached level 3!
Your experience leads to an increase in your attributes!
Increase (S)trength, (I)ntelligence, or (D)exterity?
You feel agile. x2
Fire: a) +0 shortbow
Press: ? - help, Q - select action, (/) - cycle Shift-Dir - straight line, f - ball python
Aim: a ball python (61% to hit)
You shoot an arrow.
The arrow barely misses the ball python.
You feel sick. The ball python closely misses you. x2
Fire: a) +0 shortbow
Press: ? - help, Q - select action, (/) - cycle Shift-Dir - straight line, f/p - ball python
Aim: a ball python (61% to hit)
You shoot an arrow.
The arrow closely misses the ball python.
You feel sick. The ball python closely misses you.
The ball python barely misses you.
The ball python bites you but does no damage.
The ball python grabs you. The ball python constricts you.
* * * LOW HITPOINT WARNING * * *
Fire: a) +0 shortbow
Press: ? - help, Q - select action, (/) - cycle Shift-Dir - straight line, f/p - ball python
Aim: a ball python (constricting you, 61% to hit)
You shoot an arrow.
The arrow closely misses the ball python.
* * * LOW HITPOINT WARNING * * *
You feel sick. The ball python misses you. The ball python constricts you.
Fire: a) +0 shortbow
Press: ? - help, Q - select action, (/) - cycle Shift-Dir - straight line, f/p - ball python
Aim: a ball python (constricting you, 61% to hit)
You shoot an arrow.
The arrow completely misses the ball python.
You feel sick.
You are no longer poisoned.
The ball python bites you but does no damage.
The ball python constricts you.
You die...

.....................#.#.........
..........>..........#<#.........
.....................##..........
.....................##...#.###..
....####.............##...#.# ..
....# ######...............# ....
##...#######.#### ... #...# .#
###@# .# #S# #....# ......#
.......# ........# .........#
#.......... #..........#


You could see a ball python.

Vanquished Creatures
  An adder (D:2)
  A dart slug (D:1)
  3 goblins
  4 ball pythons (D:1)
  2 bats (D:2)
  2 frilled lizards (D:1)
  2 kobolds (D:1)
  4 rats
19 creatures vanquished.

Notes
Turn   | Place    | Note
-------+----------+-------------------------------------------
     0 | D:1      | porpoise the Tengu Hunter began the quest for the Orb.
     0 | D:1      | Reached XP level 1. HP: 12/12 MP: 2/2
    31 | D:1      | Found Hipieptuim's Assorted Antiques.
    97 | D:1      | Reached XP level 2. HP: 17/17 MP: 3/3
   453 | D:2      | Reached skill level 5 in Ranged Weapons
   480 | D:2      | Reached XP level 3. HP: 6/22 MP: 4/4
   483 | D:2      | HP: 1/22 [poisoned by an adder]
   483 | D:2      | Constricted to death by a ball python

Illustrated notes

Levels and vault maps discovered:
D:1:      dpeg_arrival_pits, layout_rooms, serial_shops, shop,
          minmay_misc_feat_x, minmay_door_square
D:2:      layout_basic, uniq_terence

Skill      XL: |  1  2 |
---------------+-------+-----
Ranged Weapons | 5 |  5.1
Fighting       | |  2.5
Dodging        | |  2.1
Stealth        | |  1.0

Action                   || total
-------------------------++-------
 Fire: Shortbow          ||    47
  Use: Potion            ||     2
Armor: Leather armour    ||     7
Dodge: Dodged            ||    21

Table legend: (Time is in decaauts)
 A = Elapsed time spent in this place.
 B = Non-inter-level travel time spent in this place.
 C = Inter-level travel time spent in this place.
 D = Time resting spent in this place.
 E = Time spent auto-exploring this place.
 F = Levels seen in this place.
 G = Mean time per level.
                   A        B        C        D        E       F      G
               +--------+--------+--------+--------+--------+-----+--------+
         Total |    496 |    480 |     16 |      0 |    379 |   2 |  248.0 |
       Dungeon |    496 |    480 |     16 |      0 |    379 |   2 |  248.0 |
               +--------+--------+--------+--------+--------+-----+--------+

Top non-repeatable levels by time:
     D:1: 403 daAuts
     D:2: 93 daAuts
